 Dungeon Crawl Stone Soup version 0.31-a0-182-gc5ef74bbde (webtiles) character file.

Game seed: 16647462861523375699

77 qw the Chopper (level 4, -1/28 HPs)
             Began as a Gargoyle Fighter on June 20, 2023.
             Slain by a goblin
             ... wielding a +0 club
             ... led by Robin
              (5 damage)
             ... on level 2 of the Dungeon.
             The game lasted 00:00:47 (1273 turns).

qw the Chopper (Gargoyle Fighter)                   Turns: 1273, Time: 00:00:47

Health: -1/28      AC: 11    Str: 22    XL:     4   Next: 33%
Magic:  4/4        EV:  9    Int:  8    God:
Gold:   197        SH:  0    Dex:  9    Spells: 3/3 levels left

rFire   . . .        Y - +0 war axe
rCold   . . .        c - +0 buckler
rNeg    + . .        b - +0 scale mail
rPois   inf          (no helmet)
rElec   +            l - +0 cloak
rCorr   .            (no gloves)
SInv    .            (no boots)
Will    .....        e - amulet of faith Stlth
                     (no ring)
HPRegen 0.24/turn    (no ring)
MPRegen 0.09/turn

%: faith
@: confused
A: sickness immunity, AC +3, negative energy resistance 1, electricity
resistance, torment resistance 1, petrification resistance
a: no special abilities


You were on level 2 of the Dungeon.
You visited 1 branch of the dungeon, and saw 2 of its levels.

You collected 197 gold pieces.


Innate Abilities, Weirdness & Mutations

You are immune to sickness and miasma.
Your stone body is resilient. (AC +3)
You are immune to poison.
You resist negative energy. (rN+)
You are resistant to electric shocks. (rElec)
You are resistant to unholy torment.
You are immune to petrification.


   Skills:
 - Level 3.2 Fighting
 + Level 4.0 Axes
 - Level 3.2 Armour
 - Level 3.2 Shields


You had 3 spell levels left.
You didn't know any spells.
Your spell library was empty.

Inventory:

Hand Weapons
 g - a +0 club
 Y - a +0 war axe (weapon)
Armour
 b - a +0 scale mail (worn)
 c - a +0 buckler (worn)
 f - a +0 pair of gloves
 i - a +0 pair of boots
 l - a +0 cloak (worn)
Jewellery
 e - an amulet of faith (around neck)
 j - a ring of magical power
Scrolls
 a - a scroll of identify
Potions
 d - 2 potions of might
 h - a potion of haste {unknown}
 k - a potion of curing {unknown}

Dungeon Overview and Level Annotations

Branches:
Dungeon (2/15)

Altars:

Annotations:
D:2 Robin, Sigmund


Message History

You hit Sigmund but do no damage.
A goblin comes into view. It is wielding a +0 club.
A goblin comes into view. It is wielding a +0 dagger.
Sigmund gestures at you while chanting. The magic dart hits you.
Sigmund casts a spell at you.
You are confused.
The goblin shouts!
You hear a shout!
A jackal comes into view.
Sigmund barely misses you.
The jackal barks!
A jackal comes into view.
The goblin hits you with a +0 club.
A jackal comes into view.
The jackal barks!
An endoplasm comes into view.
Sigmund mumbles some strange words.
Sigmund flickers and vanishes!
Deactivating autopickup; reactivate with Ctrl-A.
A goblin comes into view. It is wielding a +0 dagger.
Robin of the Strong Arm comes into view.
They are wielding a +0 dagger.
The goblin closely misses you. The goblin barely misses you.
The goblin closely misses you.
A bat comes into view.
You hear some strange, mumbled words.
You are more confused.
A dart slug comes into view.
The goblin hits you but does no damage. x2; The goblin barely misses you.
The bat moves out of view.
Something hits you but does no damage.
Robin roars a battlecry!
The goblins go into a battle-frenzy!
The goblin barely misses you. The goblin closely misses you.
The goblin hits you with a +0 club. The goblin hits you with a +0 club.
The goblin hits you with a +0 dagger.
A hobgoblin comes into view.
The goblin hits you with a +0 club. Something hits you but does no damage.
The goblin hits you but does no damage. The goblin hits you with a +0 club.
You die...

##.### #...#.........#.
###....###......##.###..
#......#.)...........#..
..##..)#.##..........#..
.....................#..
............<........#..
.#####..########........
.#PbP#....# #..(.....
.#...#g@#.# .>......
.#.P.#g{g.# ########.
.#####gg#(..# #......#.
...ghggg#.###.b#....#.+.
....hJhg# #.P. #....###.
###.g#.## .###......%%
##.#. #........ ..gw
###...... #......


You could see Robin, a dart slug, an endoplasm, 2 jackals, 2 hobgoblins and 9
goblins.

Vanquished Creatures
  Jessica (D:2)
  An adder (D:2)
  A ball python (D:1)
  4 endoplasms
  3 giant cockroaches
  3 goblins
  5 hobgoblins
  5 jackals
  2 quokkas
  3 bats
  2 frilled lizards (D:1)
  3 kobolds
  3 rats
36 creatures vanquished.

Notes
Turn   | Place    | Note
-------+----------+-------------------------------------------
     0 | D:1      | qw the Gargoyle Fighter began the quest for the Orb.
     0 | D:1      | Reached XP level 1. HP: 14/14 MP: 1/1
     0 | D:1      | 0 ||| qw: Version: 0.3-a-9-g12657ce
     0 | D:1      | 0 ||| qw: Game counter: 1227
     0 | D:1      | 0 ||| qw: Always use a shield: true
     0 | D:1      | 0 ||| qw: God list: Okawaru
     0 | D:1      | 0 ||| qw: Allow faded altars: false
     0 | D:1      | 0 ||| qw: Do Orc after D:15 true
     0 | D:1      | 0 ||| qw: Do second Lair branch before Depths: true
     0 | D:1      | 0 ||| qw: Lair rune preference: random
     0 | D:1      | 0 ||| qw: Plans: Normal, Zot:1-4, Slime:5, God:TSO, Crypt,
                  | Tomb, Abyss, Pan, Hells, Win
     0 | D:1      | 0 ||| PLANNING D:1-11
    70 | D:1      | Reached skill level 2 in Axes
    74 | D:1      | 74 ||| FLEEEEING.
    75 | D:1      | 75 ||| FLEEEEING.
   182 | D:1      | Reached XP level 2. HP: 19/19 MP: 2/2
   233 | D:1      | 233 ||| Stepping ~*~*~tactically~*~*~ (stealth).
   348 | D:1      | Reached skill level 3 in Axes
   769 | D:1      | Reached XP level 3. HP: 23/23 MP: 3/3
   776 | D:1      | 776 ||| Stepping ~*~*~tactically~*~*~ (stealth).
   886 | D:1      | 886 ||| DROPPING scarf of harm.
   887 | D:1      | 887 ||| UPGRADING to +0 cloak.
   892 | D:1      | 892 ||| UPGRADING to amulet of faith.
   897 | D:1      | 897 ||| READING 3 scrolls labelled AMUMUDGHOPNI.
   898 | D:1      | 898 ||| READING scroll labelled VOXAF BAFOAM.
   899 | D:1      | 899 ||| READING 2 scrolls of identify.
   899 | D:1      | 899 ||| IDENTIFYING sedimented red potion
   900 | D:1      | 900 ||| DROPPING potion of brilliance.
  1019 | D:2      | Noticed Jessica
  1024 | D:2      | Killed Jessica
  1025 | D:2      | Reached XP level 4. HP: 24/28 MP: 4/4
  1115 | D:2      | Reached skill level 4 in Axes
  1257 | D:2      | Noticed Sigmund
  1269 | D:2      | Noticed Robin
  1272 | D:2      | HP: 4/28 [goblin/+0 club[Robin] (6)]
  1273 | D:2      | Slain by a goblin

Levels and vault maps discovered:
D:1:      dpeg_arrival_simpleton_a, layout_basic
D:2:      layout_basic, serial_aquarium, aquarium_bridge_island_small
          [aquarium_subvault_small_open, aquarium_subvault_bridge,
          aquarium_subvault_window, aquarium_subvault_bridge,
          aquarium_subvault_bridge], aquarium_bridge_long_separate
          [aquarium_subvault_bridge, aquarium_subvault_balcony,
          aquarium_subvault_window, aquarium_subvault_bridge,
          aquarium_subvault_balcony, aquarium_subvault_bridge],
          aquarium_window_corner, aquarium_window_1, aquarium_view_2g,
          aquarium_view_2c, aquarium_balcony_1a, aquarium_pool_2,
          serial_park_tiny_pond, uniq_sigmund, uniq_jessica, uniq_robin

Skill      XL: |  1  2  3  4 |
---------------+-------------+-----
Axes           | 2 3 4 |  4.0
Fighting       | |  3.2
Armour         | |  3.2
Shields        | |  3.2

Action                     |  1- 3 |  4- 6 || total
---------------------------+-------+-------++-------
  Melee: War axe           |    90 |    26 ||   116
    Use: Scroll            |     3 |       ||     3
 Armour: Scale mail        |    46 |    20 ||    66
  Dodge: Dodged            |    47 |    18 ||    65
  Block: Buckler           |    12 |    10 ||    22

Table legend:
 A = Non-vault XP
 B = Vault XP
 C = Vault XP percentage of total XP
 D = Non-vault monster count
 E = Vault monster count
 F = Vault count percentage of total count
                 A         B        C        D         E       F
            +---------+---------+-------+---------+---------+-------
      Total |      73 |      37 |  33.6 |      35 |       1 |   2.8
            +---------+---------+-------+---------+---------+-------
        D:1 |      39 |       0 |   0.0 |      23 |       0 |   0.0
        D:2 |      34 |      37 |  52.1 |      12 |       1 |   7.7
            +---------+---------+-------+---------+---------+-------
